| TOP OF THE 1ST |
|
Coos Bay-North Bend Blue Soxs batting - Pitching for Medford Nuggets : RHP Alex de Dios
|
|
Pitching: RHP Alex de Dios
|
|
|
Batting: LHB Dwight Taylor
|
0-0: Swinging Strike 0-1: Swinging Strike 0-2: SINGLE (Groundball, 5S, EV 68.8 MPH) (infield hit)
|
|
Batting: LHB Curt Reed
|
0-0: Called Strike 0-1: Ball 1-1: Ball 2-1: Swinging Strike 2-2: Foul Ball, location: 2F 2-2: Ball 3-2: Base on Balls Dwight Taylor to second
|
|
Batting: LHB Benny Distefano
|
0-0: Called Strike 0-1: Ball 1-1: Called Strike 1-2: Ball 2-2: Ball 3-2: Ground out 6-3 (Groundball, 6, EV 100.0 MPH) Dwight Taylor to third Curt Reed to second
|
|
Batting: RHB Bob Gergen
|
0-0: Called Strike 0-1: Ball 1-1: Foul Ball, location: 2F 1-2: Ground out 5-3 (Groundball, 56, EV 88.8 MPH) Dwight Taylor scores
|
|
Batting: RHB Danny Quintana
|
0-0: Ball 1-0: Ball 2-0: SINGLE (Flyball, 6D, EV 88.8 MPH) Curt Reed to third Runner from 3rd tries for Home, SAFE, throw by CF to home
|
|
Batting: RHB James Stefanski
|
0-0: Fly out, F9 (Flyball, 89D, EV 105.0 MPH)
|
| Top of the 1st over - 2 runs, 2 hits, 0 errors, 1 left on base; Coos Bay-North Bend 2 - Medford 0 |
| BOTTOM OF THE 1ST |
|
Medford Nuggets batting - Pitching for Coos Bay-North Bend Blue Soxs : RHP Victor Pineda
|
|
Pitching: RHP Victor Pineda
|
|
|
Batting: RHB Tito Nieves
|
0-0: Called Strike 0-1: Called Strike 0-2: Ball 1-2: Ball 2-2: Foul Ball, location: 2F 2-2: Ball 3-2: SINGLE (Groundball, 4MD, EV 98.1 MPH)
|
|
Batting: RHB Carl Hollis
|
0-0: Ball 1-0: Called Strike 1-1: Ball 2-1: Foul Ball, location: 2F 2-2: Ball 3-2: Strikes out swinging
|
|
Batting: LHB Jose Mantilla
|
0-0: Ball 1-0: Fielders Choice at 2nd, 3-6 (Groundball, 3S, EV 93.8 MPH)
|
|
Batting: RHB Michael Lavery
|
0-0: Foul Ball, location: 2F 0-1: Called Strike 0-2: Fielders Choice at 2nd, 6-4 (Groundball, 6, EV 85.6 MPH)
|
| Bottom of the 1st over - 0 runs, 1 hit, 0 errors, 1 left on base; Coos Bay-North Bend 2 - Medford 0 |
| TOP OF THE 2ND |
|
Coos Bay-North Bend Blue Soxs batting - Pitching for Medford Nuggets : RHP Alex de Dios
|
|
Batting: RHB Mark Miller
|
0-0: Ball 1-0: Ball 2-0: Ball 3-0: Base on Balls
|
|
Batting: RHB Carlos Salinas
|
0-0: Ball 1-0: Foul Ball, location: 2F 1-1: Swinging Strike 1-2: SINGLE (Groundball, 6MD, EV 103.8 MPH) (infield hit) Mark Miller to second
|
|
Batting: RHB Henry Noble
|
0-0: Reached on error, E5 (Groundball, 56, EV 86.3 MPH) Mark Miller to third Carlos Salinas to second
|
|
Batting: LHB Dwight Taylor
|
0-0: Ball 1-0: Fly out, F7 (Flyball, 78M, EV 83.1 MPH) Runner from 3rd tags up, SCORES, no throw by LF
|
|
Batting: LHB Curt Reed
|
0-0: Ball 1-0: Swinging Strike 1-1: Fly out, F8 (Flyball, 8LM, EV 73.1 MPH) Runner from 2nd tags up, SAFE at 3rd with throw by CF
|
|
Batting: LHB Benny Distefano
|
0-0: Ball 1-0: Ground out 4-3 (Groundball, 4, EV 78.8 MPH)
|
| Top of the 2nd over - 1 run, 1 hit, 1 error, 2 left on base; Coos Bay-North Bend 3 - Medford 0 |
| BOTTOM OF THE 2ND |
|
Medford Nuggets batting - Pitching for Coos Bay-North Bend Blue Soxs : RHP Victor Pineda
|
|
Batting: LHB Dave Vetsch
|
0-0: Ball 1-0: Ball 2-0: Called Strike 2-1: Swinging Strike 2-2: Ground out 6-3 (Groundball, P, EV 85.0 MPH)
|
|
Batting: RHB Jose Gonzalez
|
0-0: Swinging Strike 0-1: Ball 1-1: Ball 2-1: Fly out, F9 (Flyball, 9S, EV 86.9 MPH)
|
|
Batting: RHB Scott Roebuck
|
0-0: Called Strike 0-1: Called Strike 0-2: Foul Ball, location: 2F 0-2: Ball 1-2: Strikes out looking
|
| Bottom of the 2nd over - 0 runs, 0 hits, 0 errors, 0 left on base; Coos Bay-North Bend 3 - Medford 0 |
| TOP OF THE 3RD |
|
Coos Bay-North Bend Blue Soxs batting - Pitching for Medford Nuggets : RHP Alex de Dios
|
|
Batting: RHB Bob Gergen
|
0-0: Swinging Strike 0-1: Ball 1-1: Called Strike 1-2: Ball 2-2: Strikes out swinging
|
|
Batting: RHB Danny Quintana
|
0-0: Ball 1-0: Called Strike 1-1: Ball 2-1: SOLO HOME RUN (Flyball, 9D, EV 101.9 MPH), Distance : 378 ft
|
|
Batting: RHB James Stefanski
|
0-0: Called Strike 0-1: Called Strike 0-2: Ball 1-2: Ground out 5-3 (Groundball, 56S, EV 73.1 MPH)
|
|
Batting: RHB Mark Miller
|
0-0: Ball 1-0: Swinging Strike 1-1: Called Strike 1-2: Ball 2-2: Foul Ball, location: 2F 2-2: Ball 3-2: Base on Balls
|
|
Batting: RHB Carlos Salinas
|
0-0: Called Strike 0-1: Called Strike 0-2: Foul Ball, location: 2F 0-2: Ball 1-2: Strikes out swinging
|
| Top of the 3rd over - 1 run, 1 hit, 0 errors, 1 left on base; Coos Bay-North Bend 4 - Medford 0 |
| BOTTOM OF THE 3RD |
|
Medford Nuggets batting - Pitching for Coos Bay-North Bend Blue Soxs : RHP Victor Pineda
|
|
Batting: LHB Philip Thomson
|
0-0: Ball 1-0: Foul Ball, location: 2F 1-1: Ball 2-1: DOUBLE (Groundball, 3L, EV 106.9 MPH)
|
|
Batting: RHB Gary Crabtree
|
0-0: Ball 1-0: Called Strike 1-1: Ball 2-1: Swinging Strike 2-2: DOUBLE (Line Drive, 7LM, EV 102.5 MPH) Philip Thomson scores
|
|
Batting: RHB Tito Nieves
|
0-0: Called Strike 0-1: Called Strike 0-2: Ball 1-2: Ball 2-2: Ball 3-2: Strikes out swinging
|
|
Batting: RHB Carl Hollis
|
0-0: Foul Ball, location: 2F 0-1: Swinging Strike 0-2: Ball 1-2: Fly out, F9 (Flyball, 9D, EV 87.5 MPH) Runner from 2nd tags up, SAFE at 3rd, no throw by RF
|
|
Batting: LHB Jose Mantilla
|
0-0: Swinging Strike 0-1: Foul Ball, location: 2F 0-2: Ball 1-2: Ball 2-2: Ball 3-2: Fly out, F8 (Flyball, 8LM, EV 90.0 MPH)
|
| Bottom of the 3rd over - 1 run, 2 hits, 0 errors, 1 left on base; Coos Bay-North Bend 4 - Medford 1 |
| TOP OF THE 4TH |
|
Coos Bay-North Bend Blue Soxs batting - Pitching for Medford Nuggets : RHP Alex de Dios
|
|
Batting: RHB Henry Noble
|
0-0: Ball 1-0: Ground out 6-3 (Groundball, 6, EV 99.4 MPH)
|
|
Batting: LHB Dwight Taylor
|
0-0: Called Strike 0-1: Foul Ball, location: 2F 0-2: Ground out 1-3 (Groundball, 13S, EV 58.1 MPH)
|
|
Batting: LHB Curt Reed
|
0-0: Called Strike 0-1: Ball 1-1: Ball 2-1: Called Strike 2-2: Foul Ball, location: 2F 2-2: Ball 3-2: Foul Ball, location: 2F 3-2: Base on Balls
|
|
Batting: LHB Benny Distefano
|
0-0: Ball 1-0: Ball 2-0: Ball 3-0: Called Strike 3-1: DOUBLE (Flyball, 78XD, EV 105.0 MPH) Curt Reed to third Runner from 3rd tries for Home, SAFE, no throw by LF
|
|
Batting: RHB Bob Gergen
|
0-0: Swinging Strike 0-1: Ball 1-1: Foul Ball, location: 2F 1-2: Strikes out swinging
|
| Top of the 4th over - 1 run, 1 hit, 0 errors, 1 left on base; Coos Bay-North Bend 5 - Medford 1 |
| BOTTOM OF THE 4TH |
|
Medford Nuggets batting - Pitching for Coos Bay-North Bend Blue Soxs : RHP Victor Pineda
|
|
Batting: RHB Michael Lavery
|
0-0: Ball 1-0: Called Strike 1-1: Fly out, F7 (Flyball, 78M, EV 84.4 MPH)
|
|
Batting: LHB Dave Vetsch
|
0-0: Ball 1-0: Foul Ball, location: 2F 1-1: Called Strike 1-2: Strikes out looking
|
|
Batting: RHB Jose Gonzalez
|
0-0: Swinging Strike 0-1: SINGLE (Groundball, 34D, EV 108.8 MPH)
|
|
Batting: RHB Scott Roebuck
|
0-0: Fly out, F8 (Flyball, 8RM, EV 93.1 MPH)
|
| Bottom of the 4th over - 0 runs, 1 hit, 0 errors, 1 left on base; Coos Bay-North Bend 5 - Medford 1 |
| TOP OF THE 5TH |
|
Coos Bay-North Bend Blue Soxs batting - Pitching for Medford Nuggets : RHP Alex de Dios
|
|
Batting: RHB Danny Quintana
|
0-0: Ball 1-0: Ball 2-0: Ball 3-0: Called Strike 3-1: Fly out, F4 (Flyball, 34D, EV 80.6 MPH)
|
|
Batting: RHB James Stefanski
|
0-0: Ball 1-0: Called Strike 1-1: Ground out 6-3 (Groundball, 6MD, EV 91.3 MPH)
|
|
Batting: RHB Mark Miller
|
0-0: Ball 1-0: Ball 2-0: Foul Ball, location: 2F 2-1: Foul Ball, location: 2F 2-2: Strikes out swinging
|
| Top of the 5th over - 0 runs, 0 hits, 0 errors, 0 left on base; Coos Bay-North Bend 5 - Medford 1 |
| BOTTOM OF THE 5TH |
|
Medford Nuggets batting - Pitching for Coos Bay-North Bend Blue Soxs : RHP Victor Pineda
|
|
Batting: LHB Philip Thomson
|
0-0: Foul Ball, location: 2F 0-1: Ball 1-1: Ball 2-1: Foul Ball, location: 2F 2-2: Ball 3-2: Base on Balls
|
|
Batting: RHB Gary Crabtree
|
0-0: Called Strike 0-1: Ball 1-1: Fly out, F8 (Flyball, 78M, EV 85.6 MPH)
|
|
Batting: RHB Tito Nieves
|
0-0: Reached on error, E4 (Groundball, 34, EV 76.3 MPH) Philip Thomson to second
|
|
Batting: RHB Carl Hollis
|
0-0: Called Strike 0-1: Ball 1-1: Fielders Choice at 2nd, 5-4 (Groundball, 5, EV 81.9 MPH) Philip Thomson to third
|
|
Batting: LHB Jose Mantilla
|
0-0: Ball 1-0: Swinging Strike 1-1: Ball 2-1: 3-RUN HOME RUN (Flyball, 89XD, EV 101.9 MPH), Distance : 400 ft
|
|
Batting: RHB Michael Lavery
|
0-0: Ball 1-0: Ground out 4-3 (Groundball, 4, EV 81.3 MPH)
|
| Bottom of the 5th over - 3 runs, 1 hit, 1 error, 0 left on base; Coos Bay-North Bend 5 - Medford 4 |
| TOP OF THE 6TH |
|
Coos Bay-North Bend Blue Soxs batting - Pitching for Medford Nuggets : RHP Alex de Dios
|
|
Batting: RHB Carlos Salinas
|
0-0: Ball 1-0: Foul Ball, location: 2F 1-1: Foul Ball, location: 2F 1-2: TRIPLE (Flyball, 78XD, EV 96.9 MPH)
|
|
Batting: RHB Henry Noble
|
0-0: Foul Ball, location: 2F 0-1: Ball 1-1: Called Strike 1-2: Fly out, F9 (Line Drive, 9, EV 94.4 MPH) Runner from 3rd tags up, SCORES, throw by RF
|
|
Now in RF: Michael Moreno
|
|
|
Batting: LHB Dwight Taylor
|
0-0: Ball 1-0: Foul Ball, location: 2F 1-1: SINGLE (Groundball, 13S, EV 62.5 MPH) (infield hit)
|
|
Batting: LHB Curt Reed
|
0-0: Ball 1-0: Ball 2-0: SINGLE (Line Drive, 6M, EV 96.3 MPH) Dwight Taylor to second
|
|
Pitching: RHP Alex Baeza
|
|
|
Batting: LHB Benny Distefano
|
0-0: Called Strike 0-1: Ball 1-1: Ball 2-1: Ball 3-1: Base on Balls Dwight Taylor to third Curt Reed to second
|
|
Batting: RHB Bob Gergen
|
0-0: Swinging Strike 0-1: Swinging Strike 0-2: Strikes out swinging
|
|
Batting: RHB Danny Quintana
|
0-0: SINGLE (Groundball, 34S, EV 80.6 MPH) (infield hit) Dwight Taylor scores Curt Reed to third Benny Distefano to second
|
|
Batting: RHB James Stefanski
|
0-0: Fielders Choice at 2nd, 5-4 (Groundball, 56, EV 87.5 MPH)
|
| Top of the 6th over - 2 runs, 4 hits, 0 errors, 3 left on base; Coos Bay-North Bend 7 - Medford 4 |
| BOTTOM OF THE 6TH |
|
Medford Nuggets batting - Pitching for Coos Bay-North Bend Blue Soxs : RHP Victor Pineda
|
|
Batting: RHB Michael Moreno
|
0-0: Ball 1-0: Ball 2-0: Ball 3-0: Called Strike 3-1: Swinging Strike 3-2: Foul Ball, location: 2F 3-2: Base on Balls
|
|
Batting: RHB Jose Gonzalez
|
0-0: Bunted foul 0-1: Bunted foul 0-2: Ball 1-2: Ball 2-2: Ball 3-2: Base on Balls Michael Moreno to second
|
|
Batting: RHB Scott Roebuck
|
0-0: Ball 1-0: Foul Ball, location: 2F 1-1: Ball 2-1: Ball 3-1: Foul Ball, location: 2F 3-2: Base on Balls Michael Moreno to third Jose Gonzalez to second
|
|
Batting: LHB Philip Thomson
|
0-0: Called Strike 0-1: Ball 1-1: Ball 2-1: Foul Ball, location: 2F 2-2: Ball 3-2: Base on Balls Michael Moreno scores Jose Gonzalez to third Scott Roebuck to second
|
|
Batting: RHB Gary Crabtree
|
0-0: Foul Ball, location: 2F 0-1: Ball 1-1: Foul Ball, location: 2F 1-2: Foul Ball, location: 2F 1-2: Ball 2-2: Strikes out swinging
|
|
Batting: RHB Tito Nieves
|
0-0: Called Strike 0-1: Ball 1-1: Ball 2-1: Foul Ball, location: 2F 2-2: Ball 3-2: Base on Balls Jose Gonzalez scores Scott Roebuck to third Philip Thomson to second
|
|
Pitching: LHP Richard Baca
|
|
|
Batting: RHB Carl Hollis
|
0-0: Ball 1-0: Ball 2-0: Ball 3-0: Base on Balls Scott Roebuck scores Philip Thomson to third Tito Nieves to second
|
|
Batting: LHB Jose Mantilla
|
0-0: Swinging Strike 0-1: Foul Ball, location: 2F 0-2: Foul Ball, location: 2F 0-2: SINGLE (Groundball, 4D, EV 95.0 MPH) Philip Thomson scores Tito Nieves to third Carl Hollis to second Runner from 3rd tries for Home, SAFE, throw by CF to home
|
|
Batting: RHB Michael Lavery
|
0-0: Called Strike 0-1: Ball 1-1: SINGLE (Line Drive, 6MD, EV 104.4 MPH) Carl Hollis to third Jose Mantilla to second
|
|
Batting: RHB Michael Moreno
|
0-0: Ball 1-0: Ball 2-0: Ball 3-0: Called Strike 3-1: Base on Balls Carl Hollis scores Jose Mantilla to third Michael Lavery to second
|
|
Batting: RHB Jose Gonzalez
|
0-0: Ball 1-0: Called Strike 1-1: SINGLE (Groundball, 4MD, EV 98.8 MPH) Jose Mantilla scores Michael Lavery to third Michael Moreno to second Runner from 3rd tries for Home, SAFE, throw by CF to home Michael Moreno to third Jose Gonzalez to second
|
|
Batting: RHB Scott Roebuck
|
0-0: Ground out 5-3 (Groundball, 56S, EV 85.6 MPH) Michael Moreno scores
|
|
Pitching: RHP Brian Stemberger
|
|
|
Batting: LHB Philip Thomson
|
0-0: Ball 1-0: Ball 2-0: Foul Ball, location: 2F 2-1: Foul Ball, location: 2F 2-2: Hit by Pitch
|
|
Batting: RHB Gary Crabtree
|
0-0: Ball 1-0: Swinging Strike 1-1: Swinging Strike 1-2: Ball 2-2: Foul Ball, location: 2F 2-2: 3-RUN HOME RUN (Flyball, 9LD, EV 99.4 MPH), Distance : 367 ft
|
|
Batting: RHB Tito Nieves
|
0-0: Fly out, F3 (Popup, 34S, EV 70.0 MPH)
|
| Bottom of the 6th over - 12 runs, 4 hits, 0 errors, 0 left on base; Coos Bay-North Bend 7 - Medford 16 |
| TOP OF THE 7TH |
|
Coos Bay-North Bend Blue Soxs batting - Pitching for Medford Nuggets : RHP Alex Baeza
|
|
Batting: RHB Mark Miller
|
0-0: Ball 1-0: Swinging Strike 1-1: Ground out 6-3 (Groundball, 6, EV 105.0 MPH)
|
|
Batting: RHB Carlos Salinas
|
0-0: Swinging Strike 0-1: Ball 1-1: Ball 2-1: Fly out, F9 (Flyball, 9D, EV 100.6 MPH)
|
|
Batting: RHB Henry Noble
|
0-0: Ball 1-0: Foul Ball, location: 2F 1-1: Fly out, F7 (Flyball, 78D, EV 96.9 MPH)
|
| Top of the 7th over - 0 runs, 0 hits, 0 errors, 0 left on base; Coos Bay-North Bend 7 - Medford 16 |
| BOTTOM OF THE 7TH |
|
Medford Nuggets batting - Pitching for Coos Bay-North Bend Blue Soxs : RHP Brian Stemberger
|
|
Pinch Hitting: LHB Leo Fuller
|
0-0: Ball 1-0: Called Strike 1-1: Foul Ball, location: 2F 1-2: Strikes out swinging
|
|
Batting: LHB Jose Mantilla
|
0-0: Called Strike 0-1: Ball 1-1: Ground out 4-3 (Groundball, 34D, EV 87.5 MPH)
|
|
Batting: RHB Michael Lavery
|
0-0: Ball 1-0: Ball 2-0: Called Strike 2-1: SINGLE (Groundball, 3D, EV 101.3 MPH)
|
|
Batting: RHB Michael Moreno
|
0-0: Fly out, F8 (Line Drive, 8RM, EV 91.3 MPH)
|
| Bottom of the 7th over - 0 runs, 1 hit, 0 errors, 1 left on base; Coos Bay-North Bend 7 - Medford 16 |
| TOP OF THE 8TH |
|
Coos Bay-North Bend Blue Soxs batting - Pitching for Medford Nuggets : RHP Alex Baeza
|
|
Now in LF: Leo Fuller
|
|
|
Batting: LHB Dwight Taylor
|
0-0: Called Strike 0-1: Ball 1-1: Foul Ball, location: 2F 1-2: Foul Ball, location: 2F 1-2: Ball 2-2: Foul Ball, location: 2F 2-2: Fly out, F8 (Flyball, 8RD, EV 75.6 MPH)
|
|
Batting: LHB Curt Reed
|
0-0: Swinging Strike 0-1: Ball 1-1: Ground out 6-3 (Groundball, 6, EV 88.1 MPH)
|
|
Pinch Hitting: RHB Jim Felt
|
0-0: Called Strike 0-1: Foul Ball, location: 2F 0-2: Ball 1-2: Foul Ball, location: 2F 1-2: Foul Ball, location: 2F 1-2: Foul Ball, location: 2F 1-2: Foul Ball, location: 2F 1-2: Strikes out swinging
|
| Top of the 8th over - 0 runs, 0 hits, 0 errors, 0 left on base; Coos Bay-North Bend 7 - Medford 16 |
| BOTTOM OF THE 8TH |
|
Medford Nuggets batting - Pitching for Coos Bay-North Bend Blue Soxs : RHP Brian Stemberger
|
|
Now in RF: Jim Felt
|
|
|
Batting: RHB Jose Gonzalez
|
0-0: Called Strike 0-1: Ball 1-1: Ground out 1-3 (Groundball, 13, EV 64.4 MPH)
|
|
Batting: RHB Scott Roebuck
|
0-0: Called Strike 0-1: Ball 1-1: Foul Ball, location: 2F 1-2: Ball 2-2: Foul Ball, location: 2F 2-2: Ball 3-2: Base on Balls
|
|
Batting: LHB Philip Thomson
|
|
|
Pinch Hitting: RHB Frankie Thon
|
0-0: Ball 1-0: Grounds into double play, 6-4-3 (Groundball, 56D, EV 111.3 MPH)
|
| Bottom of the 8th over - 0 runs, 0 hits, 0 errors, 0 left on base; Coos Bay-North Bend 7 - Medford 16 |
| TOP OF THE 9TH |
|
Coos Bay-North Bend Blue Soxs batting - Pitching for Medford Nuggets : RHP Alex Baeza
|
|
Now at 2B: Frankie Thon
|
|
|
Pinch Hitting: RHB Joseph Kubit
|
0-0: Ball 1-0: Ball 2-0: Called Strike 2-1: Foul Ball, location: 2F 2-2: Strikes out swinging
|
|
Batting: RHB Danny Quintana
|
0-0: Called Strike 0-1: Ball 1-1: Ground out 6-3 (Groundball, 6S, EV 86.9 MPH)
|
|
Batting: RHB James Stefanski
|
0-0: Called Strike 0-1: Ground out 6-3 (Groundball, 6, EV 80.6 MPH)
|
| Top of the 9th over - 0 runs, 0 hits, 0 errors, 0 left on base; Coos Bay-North Bend 7 - Medford 16 |
|